 Seeded DCSS version 0.30.1-11-g7821555f0a (webtiles) character file.

Game seed: 430007637681659361 (custom seed)

102267 strifetoe the Basher (level 16, -2/121 (126) HPs)
             Began as a Djinni Hedge Wizard on Nov 10, 2023.
             Was an Elder of Ashenzari.
             Slain by a culicivora (17 damage)
             ... on level 1 of the Spider Nest on Nov 15, 2023.
             The game lasted 00:59:09 (25532 turns).

strifetoe the Basher (Djinni Hedge Wizard)         Turns: 25532, Time: 00:59:09

HP:   -2/121 (126)  AC: 26    Str: 13 (14) XL:     16   Next: 85%
Gold: 2399          EV:  6    Int: 35 (36) God:    Ashenzari [****..] SH:  0 Dex: 17 (18)

rFire   + + .        C - +10 morningstar "Eos" {elec, Halo rElec, Self, Cun} (curse)
rCold   x . .        H - +1 buckler {AC+3}
rNeg    . . .        j - +0 shadow dragon scales of the Mantic Sky {rElec Regen+ Str+3 Dex+3 Stlth++++, Self, Fort} (curse)
rPois   ∞            Q - +2 hat of the Fated Jealousy {Int+3, Melee, Cun} (curse)
rElec   +            q - +0 cloak "Unveiling Gloom" {*Corrode Fly Will++, Cun, Melee} (curse)
rCorr   .            M - +0 pair of gloves
SInv    +            (boots unavailable)
Will    ++++.        u - amulet of the acrobat
Stlth   +            r - ring of the Shackled Heavens {Str+2 Int+6 Slay+5 SInv Stlth-, Self, Melee} (curse)
HPRegen 1.20/turn    p - ring of Panopticon {Will+ AC+4 Int+5, Evo, Melee} (curse)
MPRegen 0.00/turn

%: corrode self (3%), acrobat, clarity, infuse magic (-3 HP)
@: corroded, flying, held, glowing, lightly drained
A: sickness immunity, fire resistance 2, cold vulnerability 1, float, innate
caster, HP casting, extra vitality 1
a: Renounce Religion, Curse Item, Shatter the Chains


You were on level 1 of the Spider Nest.
You worshipped Ashenzari.
Ashenzari was greatly pleased with you.
You visited 4 branches of the dungeon, and saw 23 of its levels.
You also visited: Ossuary.

You collected 2659 gold pieces.
You spent 260 gold pieces at shops.

Inventory:

Hand Weapons
 C - the cursed +10 morningstar "Eos" (weapon) {elec, Halo rElec, Self, Cun}
   (You acquired it in an ossuary)

   Halo:      It grants its wielder a halo, revealing invisible creatures and
   increasing accuracy against all within it other than the wielder.
   rElec:     It insulates you from electricity.
   It has a curse which improves the following skills: Introspection: Fighting
   and Spellcasting.
   Cunning:   Dodging and Stealth.
Missiles
 g - 5 throwing nets
Armour
 b - a +0 troll leather armour
 j - the cursed +0 shadow dragon scales of the Mantic Sky (worn) {rElec Regen+ Str+3 Dex+3 Stlth++++, Self, Fort}
   (You took it off a skeletal warrior on level 8 of the Dungeon)

   Str:       It affects your strength (+3).
   Dex:       It affects your dexterity (+3).
   rElec:     It insulates you from electricity.
   Regen:     It increases your rate of health regeneration.
   Stlth:     It makes you much more stealthy.
   It has a curse which improves the following skills: Introspection: Fighting
   and Spellcasting.
   Fortitude: Armour and Shields.
 q - the cursed +0 cloak "Unveiling Gloom" (worn) {*Corrode Fly Will++, Cun, Melee}
   (You acquired it on level 2 of the Dungeon)

   Fly:       It grants you flight.
   *Corrode:  It may corrode you when you take damage.
   Will:      It greatly increases your willpower.
   It has a curse which improves the following skills: Cunning: Dodging and
   Stealth.
   Melee Combat: Short Blades, Long Blades, Axes, Maces & Flails, Polearms,
   Staves and Unarmed Combat.
 t - the -1 kite shield of Geyro {rC+}
   (You found it on level 5 of the Lair of Beasts)

   rC:        It protects you from cold.
 F - +0 steam dragon scales
 H - a +1 buckler of protection (worn)
 M - a +0 pair of gloves (worn)
 Q - the cursed +2 hat of the Fated Jealousy (worn) {Int+3, Melee, Cun}
   (You took it off Gastronok on level 2 of the Lair of Beasts)

   It has a curse which improves the following skills: Melee Combat: Short
   Blades, Long Blades, Axes, Maces & Flails, Polearms, Staves and Unarmed
   Combat.
   Cunning:   Dodging and Stealth.
Jewellery
 e - the ring of Myshaula {rC++ EV+5 Int+5 Stlth+}
   (You found it on level 15 of the Dungeon)

   [ring of evasion]

   EV:        It affects your evasion (+5).
   Int:       It affects your intelligence (+5).
   rC:        It greatly protects you from cold.
   Stlth:     It makes you more stealthy.
 m - a ring of ice
 p - the cursed ring of Panopticon (right hand) {Will+ AC+4 Int+5, Evo, Melee}
   (You acquired it on level 2 of the Dungeon)

   [ring of protection]

   AC:        It affects your AC (+4).
   Int:       It affects your intelligence (+5).
   Will:      It increases your willpower.
   It has a curse which improves the following skills: Evocations: Evocations.
   Melee Combat: Short Blades, Long Blades, Axes, Maces & Flails, Polearms,
   Staves and Unarmed Combat.
 r - the cursed ring of the Shackled Heavens (left hand) {Str+2 Int+6 Slay+5 SInv Stlth-, Self, Melee}
   (You acquired it on level 2 of the Dungeon)

   [ring of intelligence]

   Str:       It affects your strength (+2).
   Int:       It affects your intelligence (+6).
   Slay:      It affects your accuracy & damage with ranged weapons and melee
   (+5).
   SInv:      It lets you see invisible.
   Stlth:     It makes you less stealthy.
   It has a curse which improves the following skills: Introspection: Fighting
   and Spellcasting.
   Melee Combat: Short Blades, Long Blades, Axes, Maces & Flails, Polearms,
   Staves and Unarmed Combat.
 u - an amulet of the acrobat (around neck)
 L - a ring of resist corrosion
Wands
 d - a wand of paralysis (12)
 n - a wand of flame (89)
 w - a wand of digging (4)
 G - a wand of iceblast (11)
 I - a wand of polymorph (8)
 N - a wand of light (6)
 O - a wand of mindburst (10)
Scrolls
 a - a scroll of summoning
 c - 2 scrolls of poison
 f - 3 scrolls of fear
 k - 12 scrolls of teleportation
 y - 3 scrolls of fog
 B - 5 scrolls of blinking
 D - a scroll of silence
 J - 4 scrolls of brand weapon
 K - 4 scrolls of magic mapping
 P - 2 scrolls of enchant weapon
Potions
 h - 7 potions of ambrosia
 i - 17 potions of curing
 l - 3 potions of cancellation
 s - 6 potions of heal wounds
 v - 5 potions of might
 x - 3 potions of brilliance
 z - 2 potions of berserk rage
 A - 4 potions of haste
 E - 2 potions of resistance


   Skills:
 + Level 11.4(15.0) Fighting
 - Level 13.7(18.0) Maces & Flails
 + Level 13.4(15.1) Armour
 + Level 12.7(16.2) Dodging
 - Level 1.5(3.9) Stealth
 - Level 5.2(7.0) Shields
 - Level 11.8(15.4) Spellcasting


You knew the following spells:

 Your Spells              Type           Power      Damage    Failure   Level
a - Magic Dart            Conj           100%       1d8       1%          1
b - Slow                  Hex            100%       N/A       1%          1
c - Blink                 Tloc           100%       N/A       1%          2
d - Call Imp              Summ           100%       N/A       1%          2
e - Mephitic Cloud        Conj/Pois/Air  94%        N/A       1%          3
f - Sting                 Tmut/Pois      100%       1d8       1%          1
g - Searing Ray           Conj           100%       2d8       1%          2
h - Poisonous Vapours     Pois/Air       100%       N/A       1%          2
i - Swiftness             Air            94%        N/A       1%          3
j - Dispel Undead         Necr           94%        3d30      1%          4
k - Irradiate             Conj/Tmut      47%        3d27      1%          5
l - Conjure Ball Lightni  Conj/Air       47%        3x3d16    5%          6
Your spell library was empty.

Dungeon Overview and Level Annotations

Branches:
Dungeon (15/15)            Temple (0/1) D:4            Lair (5/5) D:8
 Spider (1/4) Lair:2        Slime (0/5) Lair:5          Orc (2/2) D:11
    Elf (0/3) Orc:2        Vaults (0/5) D:13         Depths (0/4) D:15
Ossuary (visited)
  Swamp: Lair:2-3    Shoals: Lair:2-3

Altars:
Ashenzari
Dithmenos
Hepliaklqana
Nemelex Xobeh
Okawaru
Trog
Wu Jian
Yredelemnul
Jiyva

Shops:
D:6 !   Orc:2 =*[(:

Annotations:
D:8 exclusion: downstairs
Orc:1 Fannar, Jorgrun


Innate Abilities, Weirdness & Mutations

You are immune to sickness and miasma.
You are immune to poison.
Your flesh is very heat resistant. (rF++)
You are vulnerable to cold. (rC-)
You float through the air rather than walking.
You learn spells naturally, not from books.
Your magical power is your life essence.
You have superior vitality. (+4 MHP)


Message History

The culicivora closely misses you.
You puncture the jorogumo!
The jorogumo is almost dead.
The jorogumo completely misses you.
The culicivora is healed somewhat.
The culicivora completely misses you.
Unknown command.
You closely miss the jorogumo.
The jorogumo is almost dead.
The jorogumo completely misses you. The culicivora bites you!
The culicivora bites you but does no damage.
You closely miss the jorogumo.
The jorogumo is almost dead.
The culicivora closely misses you. The culicivora bites you.
The jorogumo casts a spell at you. The bolt of negative energy hits you!!
You feel drained.
* * * LOW HITPOINT WARNING * * *
Your corrosive artefact corrodes you!
You hit the culicivora.
Lightning courses through the culicivora!
The culicivora is heavily wounded.
The culicivora bites you but does no damage. x2
The jorogumo closely misses you.
You barely miss the jorogumo.
The jorogumo is almost dead.
The culicivora bites you but does no damage.
You block the culicivora's attack.
Unknown command.
You sock the jorogumo!
The jorogumo is almost dead.
The jorogumo casts a spell at you.
The stream of webbing hits you but does no damage.
You are caught in a web!
The culicivora bites you!
* * * LOW HITPOINT WARNING * * *
The culicivora barely misses you.
You struggle to detach yourself from the web.
The culicivora is healed somewhat.
The culicivora bites you but does no damage.
The jorogumo hits you but does no damage.
The culicivora bites you!
You die...

..#...#..#, , , * , , ,
........## ...#.. ,,
..###...# ,,^.... , , *
, .#############...#* *
* * (....#...#...#...# ,
, .....#..^...##...#,,
,, , , †..###,
#...#...#, ,,* ,
##########...##Hs### **
** *
.#..#..#....#.#.@s.#..,,
...†....................
,, ,
...##...#....######....#
, , ........>#......,*,
...., *
...^##...#....... ∆...,
, * #....#....##....#*
*,,.. ,,*
.....#...^........ * , .
,, * .#................
* ,, * * .##.......#.(,,
* * **


You could see a jorogumo and 2 culicivoras.

Vanquished Creatures
  Gastronok (Lair:2)
  A tengu reaver (D:14)
  Kirke (Lair:4)
  A ghost moth (Spider:1)
  An orc warlord (Orc:1)
  A dire elephant (D:15)
  Azrael (D:15)
  A fire dragon (Lair:5)
  An ettin (D:14)
  Josephine (Orc:2)
  8 vault guards (D:13)
  6 hydras
  A jorogumo (Spider:1)
  4 centaur warriors
  4 boulder beetles
  18 death yaks
  2 tengu warriors
  2 two-headed ogres
  3 orc high priests (Orc:2)
  Urug (Orc:1)
  A skyshark (Lair:5)
  Sonja (Lair:1)
  A skeletal warrior (D:8)
  A spectral death yak (Lair:3)
  A swamp dragon (Lair:5)
  A spectral hydra (Lair:3)
  5 lindwurms
  4 orc knights (Orc:2)
  3 wolf spiders
  2 deep elf pyromancers (D:13)
  13 ugly things
  2 cyclopes
  A necromancer (Lair:3)
  5 orc sorcerers
  3 manticores
  A spectral boulder beetle (Lair:3)
  4 elephants (Lair:5)
  8 black mambas
  Maurice (D:12)
  A guardian serpent (Lair:5)
  4 gargoyles
  A demonic crawler (Spider:1)
  13 cane toads
  2 kobold demonologists
  3 torpor snails
  A freezing wraith (D:14)
  7 komodo dragons
  4 rime drakes
  An efreet (D:14)
  A spectral skyshark (Lair:3)
  A meliai (D:14)
  A tengu conjurer (D:15)
  5 trolls
  A polar bear (Lair:4)
  3 tarantellas (Spider:1)
  11 blink frogs
  A spectral elephant (Lair:3)
  3 hornets (Lair:5)
  Prince Ribbit (D:7)
  A spectral dream sheep (Lair:3)
  10 dream sheep
  12 slime creatures
  A spectral black mamba (Lair:3)
  A water elemental (D:15)
  2 culicivoras
  3 shadows
  3 wraiths (Orc:2)
  4 hogs (Lair:4)
  31 yaks
  A fire elemental (D:15)
  10 wyverns
  5 steam dragons
  7 vampire mosquitoes
  A basilisk (Lair:5)
  3 redbacks
  Menkaure (D:6)
  21 water moccasins
  6 acid dragons
  3 hell hounds (D:15)
  A swamp drake (Lair:5)
  2 hornet zombies (Ossuary)
  4 sky beasts
  7 ogres
  23 orc warriors
  8 centaurs
  3 kobold brigands
  Blork the orc (D:6)
  10 bullfrogs
  A gnoll sergeant (Orc:2)
  A scorpion (Lair:1)
  A water moccasin zombie (Ossuary)
  13 wights
  4 electric eels
  5 jellies
  5 howler monkeys
  3 centaur zombies (Ossuary)
  6 bullfrog zombies (Ossuary)
  20 orc priests
  4 hounds
  Crazy Yiuf (D:5)
  A gnoll bouda (D:10)
  12 mummies (Ossuary)
  8 iguanas
  3 sleepcaps
  21 orc wizards
  2 polar bear simulacra (Lair:3)
  3 killer bee zombies (Ossuary)
  A howler monkey zombie (Ossuary)
  Robin (D:4)
  12 gnolls
  8 adders
  A white imp (D:5)
  An ufetubus (D:5)
  3 worms
  3 dart slugs
  69 orcs
  10 endoplasms
  8 giant cockroaches
  14 goblins
  12 hobgoblins
  5 jackals
  5 quokkas
  12 ball pythons
  10 bats
  A frilled lizard (D:1)
  18 kobolds
  5 rats
680 creatures vanquished.

Vanquished Creatures (collateral kills)
  A vampire mosquito (D:7)
  Duvessa (D:4)
  An ice beast (D:7)
  A wight (D:8)
  Dowan (D:4)
  A bullfrog zombie (Ossuary)
  A gnoll bouda (D:5)
  A mummy (Ossuary)
  Terence (D:2)
  5 gnolls
  A white imp (D:7)
  A dart slug (D:5)
  A hobgoblin (D:4)
  A ball lightning (Lair:5)
18 creatures vanquished.

Vanquished Creatures (others)
  An orc wizard (Orc:2)
  An orc (Orc:2)
  20 ball lightnings
22 creatures vanquished.

Grand Total: 720 creatures vanquished

Notes
Turn   | Place    | Note
-------+----------+-------------------------------------------
     0 | D:1      | strifetoe the Djinni Hedge Wizard began the quest for the
                  | Orb.
     0 | D:1      | strifetoe set off with the following spells memorised:
                  | Magic Dart, Slow, Blink, Call Imp, Mephitic Cloud.
     0 | D:1      | Reached XP level 1. HP: 15/15 MP: 0/0
   157 | D:1      | Reached XP level 2. HP: 18/21 MP: 0/0
   476 | D:1      | Reached XP level 3. HP: 24/25 MP: 0/0
   476 | D:1      | Learned a level 1 spell: Sting
   862 | D:2      | Noticed Terence
   980 | D:2      | Reached XP level 4. HP: 12/31 MP: 0/0
  1128 | D:2      | Found a faded altar of an unknown god.
  1135 | D:2      | Prayed at the altar of an unknown god.
  1135 | D:2      | Became a worshipper of Ashenzari the Shackled
  1379 | D:2      | Identified a scroll of acquirement
  1379 | D:2      | Acquired a manual of Spellcasting
  1517 | D:3      | Found a bloodstained altar of Trog.
  1517 | D:3      | Found an ornate altar of the Wu Jian Council.
  1765 | D:3      | Reached XP level 5. HP: 19/35 MP: 0/0
  1765 | D:3      | Learned a level 2 spell: Searing Ray
  2198 | D:2      | Killed Terence
  2199 | D:2      | Reached skill level 5 in Spellcasting
  2558 | D:2      | Acquired the +0 cloak "Nunez" {*Corrode Fly Will++}
  2565 | D:2      | Acquired the ring of the Eagle {Str+2 Int+6 Slay+5 SInv
                  | Stlth-}
  2568 | D:2      | Acquired the ring of Goxzemnisch {Will+ AC+4 Int+5}
  2774 | D:3      | Reached XP level 6. HP: 26/40 MP: 0/0
  3004 | D:3      | Reached skill level 1 in Maces & Flails
  3070 | D:3      | Found a sparkling altar of Nemelex Xobeh.
  3090 | D:3      | Found a basalt altar of Yredelemnul.
  3474 | D:4      | Found a staircase to the Ecumenical Temple.
  3602 | D:4      | Reached * piety under Ashenzari
  3855 | D:4      | Identified the Tome of Luminous Command
  4006 | D:4      | Noticed Dowan
  4008 | D:4      | Noticed Duvessa
  4036 | D:4      | Killed Duvessa
  4037 | D:4      | Reached XP level 7. HP: 19/45 MP: 0/0
  4037 | D:4      | Learned a level 2 spell: Poisonous Vapours
  4046 | D:4      | Killed Dowan
  4348 | D:4      | Reached ** piety under Ashenzari
  4365 | D:4      | Noticed Robin
  4369 | D:4      | Killed Robin
  4602 | D:5      | Entered Level 5 of the Dungeon
  4605 | D:5      | Noticed a shadow
  4609 | D:5      | Noticed a steam dragon
  4692 | D:5      | Reached XP level 8. HP: 39/50 MP: 0/0
  5057 | D:5      | Killed a shadow
  5420 | D:5      | Found a runed translucent door.
  5420 | D:5      | Noticed Crazy Yiuf
  5500 | D:5      | Reached skill level 1 in Fighting
  6020 | D:5      | Killed Crazy Yiuf
  6075 | D:6      | Reached XP level 9. HP: 28/62 MP: 0/0
  6075 | D:6      | Learned a level 3 spell: Swiftness
  6341 | D:6      | Found a broken altar of Ashenzari.
  6466 | D:6      | Noticed Blork the orc
  6595 | D:6      | Killed Blork the orc
  6675 | D:6      | Reached skill level 5 in Dodging
  6922 | D:6      | Noticed Menkaure
  6928 | D:6      | Killed Menkaure
  7121 | D:6      | Found Ybrut's Distillery.
  7336 | D:6      | Bought a potion of haste for 130 gold pieces
  7336 | D:6      | Bought a potion of heal wounds for 65 gold pieces
  7336 | D:6      | Bought a potion of heal wounds for 65 gold pieces
  7377 | D:7      | Noticed Prince Ribbit
  7394 | D:7      | Killed Prince Ribbit
  7535 | D:7      | Reached skill level 5 in Fighting
  7589 | D:7      | Reached XP level 10. HP: 64/75 MP: 0/0
  7681 | D:7      | Reached skill level 10 in Spellcasting
  8219 | D:7      | Found a shadowy altar of Dithmenos.
  8344 | D:7      | Found a hazy altar of Hepliaklqana.
  8496 | D:7      | Acquired 633 gold pieces
  8533 | D:8      | Found a sand-covered staircase.
  8538 | Ossuary  | Entered an ossuary
  8573 | Ossuary  | Reached *** piety under Ashenzari
  9061 | Ossuary  | Acquired the +10 morningstar "Eos" {elec, Halo rElec}
  9061 | Ossuary  | Found the +10 morningstar "Eos" {elec, Halo rElec}
  9429 | D:8      | Reached XP level 11. HP: 75/84 MP: 0/0
  9429 | D:8      | Learned a level 4 spell: Dispel Undead
  9549 | D:8      | Reached skill level 5 in Maces & Flails
  9804 | D:8      | Noticed a death yak
  9804 | D:8      | Noticed a death yak
 10086 | D:8      | Killed a death yak
 10270 | D:9      | Noticed a deep elf pyromancer
 10270 | D:9      | Identified the +0 long sword of Nab Jim {flame, Str+2
                  | Int+3}
 10279 | D:9      | Noticed a two-headed ogre
 10285 | D:9      | Noticed a two-headed ogre
 10413 | D:8      | Noticed a death yak
 10440 | D:8      | Noticed a death yak
 10442 | D:8      | Noticed a death yak
 10449 | D:8      | Killed a death yak
 10458 | D:8      | Killed a death yak
 10466 | D:8      | Killed a death yak
 10482 | D:8      | Killed a death yak
 10534 | D:8      | Found a staircase to the Lair.
 10958 | D:8      | Noticed a centaur warrior
 10979 | D:8      | Killed a centaur warrior
 11034 | D:8      | Noticed a cyan ugly thing
 11470 | D:8      | Identified the +0 shadow dragon scales "Majy" {rElec Regen+
                  | Str+3 Dex+3 Stlth++++}
 11470 | D:8      | Noticed a skeletal warrior
 11471 | D:8      | Reached XP level 12. HP: 86/86 MP: 0/0
 11511 | D:8      | Killed a skeletal warrior
 11917 | D:8      | Identified the Incunable of the Coarse Evil Eye
 11917 | D:8      | Identified the Almanac of Doom and the Volley
 12525 | D:9      | Reached skill level 10 in Maces & Flails
 12766 | D:9      | Noticed a sun demon
 13222 | D:10     | Entered Level 10 of the Dungeon
 13257 | D:10     | Reached skill level 1 in Shields
 13379 | D:10     | Found an iron altar of Okawaru.
 13520 | D:10     | Noticed a two-headed ogre
 13538 | D:10     | Killed a two-headed ogre
 14003 | D:11     | Noticed a boulder beetle
 14093 | D:11     | Identified the +5 great mace "Spiderslayer" {venom, rPois
                  | Str+2}
 14183 | D:11     | Found a staircase to the Orcish Mines.
 14243 | D:11     | Killed a boulder beetle
 14426 | D:11     | Reached skill level 5 in Shields
 14569 | D:12     | Noticed Maurice
 14577 | D:12     | Killed Maurice
 14665 | D:12     | Reached skill level 1 in Armour
 14665 | D:12     | Reached XP level 13. HP: 94/94 MP: 0/0
 14665 | D:12     | Learned a level 5 spell: Irradiate
 15424 | Lair:1   | Entered Level 1 of the Lair of Beasts
 15857 | Lair:1   | Noticed Sonja
 15863 | Lair:1   | Killed Sonja
 16289 | Lair:2   | Noticed Gastronok
 16303 | Lair:2   | Killed Gastronok
 16304 | Lair:2   | Reached skill level 5 in Armour
 16508 | Lair:2   | Noticed an eight-headed hydra
 16514 | Lair:2   | Killed an eight-headed hydra
 16572 | Lair:2   | Found a hole to the Spider Nest.
 17429 | Lair:3   | Identified the +8 rapier of the Riding Pariah {flame,
                  | Fragile Str+5 Dex+2}
 17758 | Lair:3   | Reached XP level 14. HP: 95/102 MP: 0/0
 17865 | Lair:3   | Identified the +1 leather armour "Fuodghelu" {Rampage Str-5
                  | Dex+7}
 18297 | Lair:4   | Noticed Kirke
 18322 | Lair:4   | Killed Kirke
 19137 | Lair:5   | Entered Level 5 of the Lair of Beasts
 19317 | Lair:5   | Reached skill level 10 in Armour
 19556 | Lair:5   | Reached XP level 15. HP: 109/109 MP: 0/0
 19556 | Lair:5   | Learned a level 6 spell: Conjure Ball Lightning
 19607 | Lair:5   | Found a staircase to the Slime Pits.
 19607 | Lair:5   | Found a viscous altar of Jiyva.
 19772 | Lair:5   | Reached **** piety under Ashenzari
 20014 | Lair:5   | Identified the -1 kite shield of Geyro {rC+}
 20448 | Lair:5   | Reached skill level 10 in Dodging
 20454 | Lair:5   | Identified the +0 leather armour of Tuem {Dex+7}
 20821 | Orc:1    | Entered Level 1 of the Orcish Mines
 20875 | Orc:2    | Entered Level 2 of the Orcish Mines
 21013 | Orc:2    | Noticed Josephine
 21046 | Orc:2    | Killed Josephine
 21175 | Orc:1    | Noticed Urug
 21184 | Orc:1    | Killed Urug
 21227 | Orc:2    | Noticed an orc warlord
 21309 | Orc:1    | Killed an orc warlord
 21393 | Orc:2    | Found a staircase to the Elven Halls.
 21577 | Orc:2    | Found Cevits's Antique Armour Shop.
 21593 | Orc:2    | Found Voruwn's Antique Weapon Boutique.
 21595 | Orc:2    | Found Ecuawij's General Store.
 21595 | Orc:2    | Found Medav's Jewellery Shop.
 21750 | Orc:2    | Found Iguimm's Vocational Training.
 21908 | Orc:1    | Noticed Fannar
 21908 | Orc:1    | Noticed Jorgrun
 22055 | D:13     | Reached XP level 16. HP: 57/121 MP: 0/0
 22176 | D:13     | Reached skill level 10 in Fighting
 22301 | D:13     | Found a gate to the Vaults.
 22559 | D:13     | Identified the +0 cloak of the Volcano {rElec Dex+4 Slay-3}
 22946 | D:14     | Found a broken altar of Ashenzari.
 23257 | D:14     | Noticed a tengu reaver
 23375 | D:14     | Killed a tengu reaver
 24271 | D:15     | Entered Level 15 of the Dungeon
 24398 | D:15     | Found a staircase to the Depths.
 24613 | D:15     | Identified the ring of Myshaula {rC++ EV+5 Int+5 Stlth+}
 24691 | D:15     | Noticed Azrael
 24701 | D:15     | Killed Azrael
 25337 | Spider:1 | Entered Level 1 of the Spider Nest
 25532 | Spider:1 | Slain by a culicivora

Illustrated notes

Levels and vault maps discovered:
D:1:      wander_arrival_chamber, layout_basic, kennysheep_boxes
D:2:      layout_rooms, dilly_ecumenical_altar_fadedgnrine, basic_altar,
          uniq_terence
D:3:      layout_basic, mainiacjoe_overflow_swirl, jmf_multi_god_temple,
          minmay_puff
D:4:      layout_loops_corners, minmay_temple_entry_junction_2,
          minmay_joined_circles, uniq_robin, uniq_duvessa
D:5:      layout_layer_cave, uniq_crazy_yiuf_cottage
D:6:      layout_rooms, mainiacjoe_overflow_catwalk, serial_shops,
          nicolae_shop_statue_plus, serial_park_tiny_1, uniq_blork_the_orc,
          uniq_menkaure
D:7:      layout_loops_cross, mainiacjoe_overflow_surrounded_room,
          mainiacjoe_overflow_alcove_4, uniq_prince_ribbit1
D:8:      minmay_the_grid_triangle_9x9_rhombus_full
          [minmay_the_grid_triangle_9x9_zippers_horizontal,
          minmay_the_grid_triangle_9x9_descending_squares,
          minmay_the_grid_triangle_9x9_wacky_v,
          minmay_the_grid_triangle_9x9_corruption,
          minmay_the_grid_triangle_9x9_negative_grid,
          minmay_the_grid_triangle_9x9_zippers_vertical,
          minmay_the_grid_triangle_9x9_limited_checkers,
          minmay_the_grid_triangle_9x9_prize_insulated], layout_loops_corners,
          dpeg_lair_monsters, enter_ossuary_2
D:9:      cheibrodos_elevator_heist, layout_basic
D:10:     layout_roguey, mainiacjoe_overflow_alcove_1,
          mainiacjoe_overflow_24_doors, dreamdust_gnoll_shepherd
D:11:     layout_long_grid, orc_david_3
D:12:     layout_irregular_city, uniq_maurice
D:13:     layout_long_grid, erik_vaults_2
D:14:     layout_loops_cross, evilmike_ruin_ashenzari, hangedman_corner_corridor
D:15:     hangedman_depths_entry_try_elsewhere_first, layout_loops_ring,
          minivault_14, uniq_azrael
Lair:1:   layout_regular_city, serial_bayou_shore_a, grunt_megastairs_3,
          lemuel_fruit_tree, uniq_sonja
Lair:2:   layout_layer_cave, spider_nest_entry_rubble, minmay_lindwurm_lava,
          uniq_gastronok
Lair:3:   layout_cave_pods, nicolae_swamp_entry_spooky, fungi_pond_lemuel,
          eino_house_with_fridge
Lair:4:   layout_cave_pods, grunt_forest_stairs_basic,
          nicolae_quartered_pool_medium, uniq_kirke
Lair:5:   hangedman_lair_tendril_chambers, layout_gridlike,
          guppyfry_lair_end_dragon, nicolae_slime_entry_slimehenge,
          serial_bayou_lagoon_b
Spider:1: nicolae_spider_hilbert_zone_1 [nicolae_spider_hilbert_4_sides_1_open,
          nicolae_spider_hilbert_4_sides_1_open,
          nicolae_spider_hilbert_4_sides_1_open,
          nicolae_spider_hilbert_4_sides_1_open,
          nicolae_spider_hilbert_3_sides_1_open,
          nicolae_spider_hilbert_3_sides_1_open,
          nicolae_spider_hilbert_3_sides_1_open,
          nicolae_spider_hilbert_3_sides_1_open,
          nicolae_spider_hilbert_3_sides_1_open,
          nicolae_spider_hilbert_6_sides_1_open,
          nicolae_spider_hilbert_6_sides_1_open,
          nicolae_spider_hilbert_3_sides_1_open,
          nicolae_spider_hilbert_3_sides_1_open,
          nicolae_spider_hilbert_3_sides_1_open,
          nicolae_spider_hilbert_3_sides_1_open,
          nicolae_spider_hilbert_2_sides_1_open]
Orc:1:    layout_diamond_mine, serial_shops, shop, minmay_orc_keep, uniq_snorg,
          uniq_jorgrun, uniq_fannar, uniq_urug
Orc:2:    st_orc_congregation, layout_caves, nicolae_shop_vocational,
          uniq_josephine

Skill      XL: |  1  2  3  4  5  6  7  8  9 10 11 12 13 14 15 16 |
---------------+-------------------------------------------------+-----
Spellcasting   | 3 4 5 6 7 8 9 11 | 11.8
Maces & Flails | 2 3 4 8 11 12 13 | 13.7
Fighting       | 2 5 6 7 9 11 | 11.4
Dodging        | 3 6 7 8 11 12 | 12.7
Shields        | 5 |  5.2
Armour         | 1 7 10 12 13 | 13.4
Stealth        | |  1.5

Action                     |  1- 3 |  4- 6 |  7- 9 | 10-12 | 13-15 | 16-18 || total
---------------------------+-------+-------+-------+-------+-------+-------++-------
  Melee: Whip              |       |    22 |   112 |   298 |       |       ||   432
         Punch             |       |       |       |     7 |       |       ||     7
         Morningstar       |       |       |       |   186 |   814 |   299 ||  1299
   Cast: Magic Dart        |    92 |   133 |    91 |    17 |     1 |       ||   334
         Call Imp          |     1 |     4 |     5 |    12 |       |       ||    22
         Slow              |       |     7 |     6 |     5 |       |       ||    18
         Sting             |       |     1 |       |       |       |       ||     1
         Searing Ray       |       |    11 |    37 |    40 |       |       ||    88
         Mephitic Cloud    |       |    12 |     4 |    10 |     1 |       ||    27
         Poisonous Vapours |       |       |    12 |     4 |       |       ||    16
         Blink             |       |       |     2 |     1 |     1 |       ||     4
         Swiftness         |       |       |       |     2 |       |       ||     2
         Dispel Undead     |       |       |       |     2 |       |       ||     2
         Conjure Ball Ligh |       |       |       |       |    11 |     1 ||    12
 Invoke: Curse Item        |       |     2 |     1 |     2 |     2 |       ||     7
         Shatter the Chain |       |       |       |     1 |       |       ||     1
  Evoke: Wand              |       |       |       |     2 |     9 |       ||    11
    Use: Scroll            |       |    13 |       |     3 |     1 |     1 ||    18
         Potion            |       |       |     1 |     5 |       |       ||     6
   Stab: Confused          |       |       |       |     4 |       |       ||     4
         Paralysed         |       |       |       |     2 |     1 |       ||     3
         Sleeping          |       |       |       |       |     1 |       ||     1
         Distracted        |       |       |       |       |       |     1 ||     1
 Armour: Robe              |     5 |    17 |    33 |    30 |       |       ||    85
         Steam dragon scal |       |       |       |    32 |       |       ||    32
         Shadow dragon sca |       |       |       |    73 |   346 |   127 ||   546
  Dodge: Dodged            |    21 |    47 |   106 |   257 |   376 |   158 ||   965
  Block: Buckler           |       |       |       |     6 |   219 |    87 ||   312
